 Dungeon Crawl Stone Soup version 0.19-a0-1815-g4007336 (webtiles) character file.

48150 Amnesiac the Thrower (level 14, -5/144 HPs)
             Began as an Ogre Hunter on Oct 5, 2016.
             Was the Champion of Okawaru.
             Slain by an ice devil (34 damage)
             ... on level 6 of the Lair of Beasts.
             The game lasted 00:48:07 (17628 turns).

Amnesiac the Thrower (Ogre Hunter)                 Turns: 17628, Time: 00:48:08

Health: -5/144     AC: 16    Str: 20    XL:     14   Next: 45%
Magic:  13/14      EV: 12    Int: 10    God:    Okawaru [******]
Gold:   1088       SH: 11    Dex: 14    Spells: 5 memorised, 2 levels left

rFire  + + .     SeeInvis .     N - +2 dagger (distort)
rCold  x . .     Gourm    .     I - +3 fire dragon armour
rNeg   . . .     Faith    .     D - +0 shield
rPois  +         Spirit   .     (helmet restricted)
rElec  .         Dismiss  .     t - +0 cloak
rCorr  .         Reflect  .     (gloves unavailable)
MR     ++...     Harm     .     (boots unavailable)
Stlth  ..........               m - amulet of regeneration
                                C - ring of protection from magic
                                U - ring of poison resistance

@: about to teleport, very slightly contaminated, studying Stealth
A: unfitting armour, tough skin 1
a: Heroism, Finesse, Renounce Religion


You were on level 6 of the Lair of Beasts.
You worshipped Okawaru.
Okawaru was exalted by your worship.
You were hungry.

You visited 3 branches of the dungeon, and saw 16 of its levels.
You also visited: Labyrinth.

You collected 1088 gold pieces.

Inventory:

Hand Weapons
 N - a +2 dagger of distortion (weapon)
 Y - a +4 blowgun
Missiles
 a - 3 curare-tipped needles
 x - 2 large rocks (quivered)
 z - a steel javelin
 B - a silver javelin
 J - 6 silver tomahawks
 K - 9 needles of confusion
 V - 2 steel tomahawks
Armour
 t - a +0 cloak (worn)
 D - a +0 shield (worn)
 I - a +3 fire dragon armour (worn)
Jewellery
 c - an uncursed ring of see invisible
 m - an amulet of regeneration (around neck)
 C - a ring of protection from magic (right hand)
 U - a ring of poison resistance (left hand)
 X - the ring "Baiwoph" {Wiz Str+3}
   (You took it off a minotaur in a labyrinth)

   [ring of wizardry]

   It improves your spell success rate.
   It affects your strength (+3).
Wands
 p - a wand of digging (12/24)
 v - a wand of enslavement (10/24)
 M - a wand of paralysis (20/24)
 Q - a wand of acid (8/15)
Scrolls
 d - 2 scrolls of magic mapping
 i - 6 scrolls of amnesia
 l - a scroll of fear
 q - a scroll of enchant armour
 r - 3 scrolls of blinking
 s - a scroll of enchant weapon
 u - 3 scrolls of teleportation
 w - 7 scrolls of remove curse
 y - 2 scrolls of identify
 G - 3 scrolls of silence
 P - 4 scrolls of fog
Potions
 e - 2 potions of flight
 g - 2 potions of might
 j - 2 potions of heal wounds
 k - 3 potions of curing
 o - 4 potions of agility
 F - 4 potions of haste
 L - a potion of ambrosia
 R - 2 potions of brilliance
 S - 2 potions of berserk rage
Books
 b - a book of Air

   Spells                             Type                      Level
   a - Shock                          Conjuration/Air              1
   b - Swiftness                      Charms/Air                   2
   c - Repel Missiles                 Charms/Air                   2
   d - Static Discharge               Conjuration/Air              3
   e - Lightning Bolt                 Conjuration/Air              5
 Z - a manual of Stealth
Miscellaneous
 h - a phial of floods
Comestibles
 f - 5 bread rations
 n - 40 fruits
 A - 10 meat rations
 H - 3 beef jerkies
 O - 25 royal jellies


   Skills:
 + Level 10.6 Fighting
 - Level 6.0 Short Blades
 * Level 13.3 Throwing
 + Level 9.3 Armour
 + Level 9.6 Dodging
 - Level 0.6 Stealth
 - Level 9.3 Shields


You had 2 spell levels left.
You knew the following spells:

 Your Spells              Type           Power        Failure   Level  Hunger
e - Mephitic Cloud        Conj/Pois/Air  #.......     100%        3    ####...
s - Conjure Flame         Conj/Fire      #.......     100%        3    ####...
v - Passwall              Tmut/Erth      #.........   98%         2    ###....
w - Swiftness             Chrm/Air       #.......     98%         2    ###....
z - Corona                Hex            #......      91%         1    ##.....


Dungeon Overview and Level Annotations

Branches:
Dungeon (9/15)             Temple (1/1) D:7            Lair (6/6) D:9
  Swamp (0/4) Lair:4        Snake (0/4) Lair:3        Slime (0/5) Lair:6
    Orc (0/2) D:9

Altars:
Ashenzari
Cheibriados
Dithmenos
Elyvilon
Fedhas
Gozag
Hepliaklqana
Kikubaaqudgha
Makhleb
Nemelex Xobeh
Okawaru
Qazlal
Ru
Sif Muna
Trog
Uskayaw
Vehumet
Xom
Yredelemnul
Zin
The Shining One
Jiyva

Shops:
D:4 }%

Annotations:
D:9 exclusion: door


Innate Abilities, Weirdness & Mutations

You are too large for most types of armour.
You have tough skin. (AC +1)


Message History

Okawaru grants you a gift! The ice devil misses you.
Things that are here:
a dagger; a robe; a human corpse You hit the ice devil but do no damage.
Space bends around the ice devil.
The ice devil is lightly wounded.
You block the ice devil's attack.
You barely miss the ice devil.
The ice devil is lightly wounded.
The yak bellows!
The smoke demon gestures at you. Something smites you!
* * * LOW HITPOINT WARNING * * *
An orange demon comes into view.
The orange demon screeches!
The yak bellows!
As you read the scroll of teleportation, it crumbles to dust.
You feel strangely unstable. The ice devil hits you.
* * * LOW HITPOINT WARNING * * *
The ice devil freezes you!!
You feel a terrible chill!
You die...

#..8.8...# .....
.'...8.8.4# 8...
.#.......h#♣ .4Y
#########'♣♣♣ ##''# ♣♣♣.♣♣
♣.... ♣♣♣.[... ♣...Y
♣♣♣.4..♣♣♣ ♣..♣♣♣
♣♣...♣♣♣♣ ♣ ♣@4♣♣♣♣♣4[3♣♣
♣♣♣4.♣♣.)♣♣♣ ♣♣♣.44.♣
♣♣3..♣ ♣♣♣♣♣ ♣..♣♣ ♣...♣♣♣
♣♣♣♣♣♣♣♣ ♣♣♣♣
##....♣♣♣♣...♣.♣♣♣♣♣♣♣..♣♣
#P....♣♣......♣♣..♣.....♣
#..P.....................


You could see an orange demon, a hellwing, 3 ice devils, 2 yaks and a smoke
demon.

Vanquished Creatures
  A dire elephant (Lair:6)
  A minotaur (Lab)
  8 hydras
  3 death yaks (Lair:5)
  A spriggan (Lair:2)
  A fire crab (Lair:6)
  A wizard (Lair:6)
  4 elephants
  5 black mambas
  12 spiny frogs
  5 rime drakes
  10 komodo dragons
  A hornet (Lair:2)
  16 blink frogs
  Prince Ribbit (D:7)
  Grinder (D:5)
  A polar bear (Lair:2)
  A dream sheep (Lair:6)
  7 hippogriffs
  34 yaks
  8 basilisks
  A wyvern (Lair:5)
  2 steam dragons
  Grum (D:8)
  A soldier ant (D:8)
  8 water moccasins
  3 insubstantial wisps (Lair:4)
  12 porcupines
  3 ice beasts
  6 orc warriors
  2 black bears
  3 sky beasts
  21 wolves
  2 phantoms
  6 ogres
  3 centaurs
  9 crocodiles
  9 bullfrogs
  A water moccasin skeleton (D:9)
  16 wights
  20 killer bees
  A troll skeleton (D:9)
  A spriggan skeleton (D:9)
  2 electric eels (Lair:3)
  3 howler monkeys (D:8)
  4 crimson imps
  A quasit (D:8)
  2 bullfrog zombies
  A centaur zombie (D:6)
  6 hounds
  5 jellies
  9 orc wizards
  2 centaur skeletons (D:9)
  8 orc priests
  11 iguanas
  A hell rat (Lair:3)
  6 worker ants
  2 hound zombies
  2 worker ant zombies
  2 howler monkey skeletons
  7 gnolls (D:6)
  17 river rats
  11 adders
  2 shadow imps
  5 oozes
  2 adder zombies
  2 adder skeletons
  3 worms
  A dart slug (D:1)
  5 leopard geckos
  35 orcs
  12 bats
  8 giant cockroaches
  9 goblins
  3 hobgoblins
  A quokka (D:8)
  A ball python (D:2)
  3 frilled lizards
  8 kobolds
  2 leopard gecko skeletons
  9 rats
  4 fungi
  A plant (Lair:3)
471 creatures vanquished.

Vanquished Creatures (others)
  A hydra (Lair:5)
  7 elephants
  2 rime drakes
  A komodo dragon (Lair:6)
  A blink frog (Lair:6)
  6 yaks
  2 nagas (Lair:3)
  An orc warrior (D:9)
  A porcupine (Lair:4)
  2 water moccasins
  2 wolves
  4 crocodiles
  3 bullfrogs
  2 killer bees (D:9)
  An orc wizard (D:7)
  A bullfrog skeleton (D:9)
  3 river rats
  An ooze (D:9)
  A rat (D:9)
  A bush (Lair:4)
  37 fungi
  23 plants
103 creatures vanquished.

Grand Total: 574 creatures vanquished

Notes
Turn   | Place    | Note
-------+----------+-------------------------------------------
     0 | D:1      | Amnesiac the Ogre Hunter began the quest for the Orb.
     0 | D:1      | Reached XP level 1. HP: 22/22 MP: 1/1
   117 | D:1      | Reached XP level 2. HP: 25/29 MP: 2/2
   427 | D:2      | Reached XP level 3. HP: 31/37 MP: 3/3
   468 | D:2      | Found a faded altar of an unknown god.
   493 | D:2      | Found a radiant altar of Vehumet.
   696 | D:4      | Noticed an ogre
   697 | D:4      | Killed an ogre
   697 | D:4      | Reached skill level 5 in Throwing
   697 | D:4      | Reached XP level 4. HP: 48/48 MP: 4/4
   733 | D:4      | Reached XP level 5. HP: 55/55 MP: 5/5
   800 | D:4      | Noticed a phantom
   839 | D:4      | Killed a phantom
   839 | D:4      | Reached skill level 5 in Fighting
   839 | D:4      | Reached skill level 6 in Throwing
   839 | D:4      | Reached XP level 6. HP: 66/66 MP: 6/6
   956 | D:4      | Found Icoijot's Food Shop.
  1005 | D:4      | Found Iduxari's Gadget Shoppe.
  1419 | D:5      | Entered Level 5 of the Dungeon
  1432 | D:5      | Reached skill level 7 in Throwing
  1470 | D:5      | Noticed an ice beast
  1538 | D:5      | Killed an ice beast
  1538 | D:5      | Reached XP level 7. HP: 22/74 MP: 7/7
  1634 | D:5      | Found a shimmering altar of Xom.
  1729 | D:5      | Found a shattered altar of Ashenzari.
  1751 | D:5      | Reached skill level 8 in Throwing
  1808 | D:5      | Reached XP level 8. HP: 82/84 MP: 8/8
  2096 | D:5      | Noticed Grinder
  2109 | D:5      | Killed Grinder
  2583 | D:6      | Reached skill level 9 in Throwing
  3402 | D:7      | Found a staircase to the Ecumenical Temple.
  3425 | Temple   | Entered the Ecumenical Temple
  3525 | Temple   | Became a worshipper of Warmaster Okawaru
  4052 | D:1      | Gained mutation: You are partially covered in slimy green scales. (AC +2) [potion of mutation]
  4052 | D:1      | Gained mutation: You are agile. (Dex +2) [potion of mutation]
  4052 | D:1      | Gained mutation: Your flesh is cold resistant. (rC+) [potion of mutation]
  5290 | D:7      | Noticed Prince Ribbit
  5328 | D:7      | Reached skill level 10 in Throwing
  5330 | D:7      | Reached XP level 9. HP: 96/97 MP: 9/9
  5608 | D:7      | Reached skill level 11 in Throwing
  5657 | D:7      | Reached * piety under Okawaru
  5907 | D:7      | Gained mutation: You are resistant to electric shocks. (rElec) [potion of beneficial mutation]
  6104 | D:7      | Killed Prince Ribbit
  6148 | D:8      | Reached skill level 12 in Throwing
  6221 | D:8      | Reached ** piety under Okawaru
  6271 | D:7      | Reached XP level 10. HP: 87/106 MP: 10/10
  6463 | D:8      | Reached skill level 13 in Throwing
  6588 | D:8      | Reached *** piety under Okawaru
  6588 | D:8      | Reached skill level 1 in Shields
  6648 | D:8      | Noticed Grum
  6718 | D:8      | Killed Grum
  7491 | D:9      | Found a staircase to the Lair.
  7529 | D:9      | Received a gift from Okawaru
  7529 | D:9      | Reached skill level 5 in Shields
  7682 | D:9      | Reached **** piety under Okawaru
  8127 | D:9      | Reached skill level 1 in Armour
  8162 | D:9      | Received a gift from Okawaru
  8165 | D:9      | Reached XP level 11. HP: 98/113 MP: 11/11
  8729 | D:9      | Found a staircase to the Orcish Mines.
  8879 | D:9      | Reached skill level 5 in Armour
  8916 | Lair:1   | Entered Level 1 of the Lair of Beasts
  8959 | Lair:1   | Noticed an eight-headed hydra
  8967 | Lair:1   | Killed an eight-headed hydra
  8967 | Lair:1   | Received a gift from Okawaru
  9064 | Lair:1   | Noticed a four-headed hydra
  9135 | Lair:1   | Found a labyrinth entrance.
  9144 | Lair:1   | Reached ***** piety under Okawaru
  9174 | Lab      | Entered a labyrinth
  9279 | Lab      | Received a gift from Okawaru
  9364 | Lab      | Noticed a minotaur
  9373 | Lab      | Killed a minotaur
  9373 | Lab      | Received a gift from Okawaru
  9377 | Lab      | Got a heavily runed ivory ring
  9399 | Lab      | Learned a level 2 spell: Swiftness
  9402 | Lab      | Learned a level 2 spell: Passwall
  9406 | Lab      | Learned a level 3 spell: Conjure Flame
  9408 | Lab      | Learned a level 1 spell: Corona
  9410 | Lab      | Lost mutation: You are resistant to electric shocks. (rElec) [potion of cure mutation]
  9410 | Lab      | Lost mutation: Your flesh is cold resistant. (rC+) [potion of cure mutation]
  9410 | Lab      | Lost mutation: You are partially covered in slimy green scales. (AC +2) [potion of cure mutation]
  9410 | Lab      | Lost mutation: You are agile. (Dex +2) [potion of cure mutation]
  9411 | Lab      | Gained mutation: You are clumsy. (Dex -2) [potion of mutation]
  9411 | Lab      | Gained mutation: Potions and wands are less effective at restoring your health. [potion of mutation]
  9411 | Lab      | Gained mutation: You evolve. [potion of mutation]
  9438 | Lab      | Got a polished mace
  9673 | Lair:1   | Received a gift from Okawaru
  9678 | Lair:1   | Got a distressingly furry quicksilver dragon armour {god gift}
  9710 | Lair:1   | Identified the ring "Baiwoph" {Wiz Str+3} (You took it off a minotaur in a labyrinth)
  9711 | Lair:1   | Identified the quicksilver dragon armour of Poor Excuses {rF+ rC+ MR+ Slay+2} (Okawaru gifted it to you on level 1 of the Lair of Beasts)
  9712 | Lair:1   | Identified the +6 mace "Ziloixu Tedu" {drain, *Drain rElec Stlth+} (You found it in a labyrinth)
 10035 | Lair:2   | Noticed a six-headed hydra
 10043 | Lair:2   | Killed a six-headed hydra
 10043 | Lair:2   | Reached XP level 12. HP: 83/122 MP: 12/12
 10151 | Lair:1   | Killed a four-headed hydra
 10151 | Lair:1   | Reached skill level 5 in Dodging
 10589 | Lair:2   | Noticed a spriggan rider
 10603 | Lair:2   | Killed a spriggan rider
 11161 | Lair:2   | Received a gift from Okawaru
 11176 | Lair:2   | Learned a level 3 spell: Mephitic Cloud
 11579 | Lair:3   | Found a staircase to the Snake Pit.
 11630 | Lair:3   | Lost mutation: You evolve. [end of evolution]
 11639 | Lair:3   | Lost mutation: You are clumsy. (Dex -2) [potion of cure mutation]
 11639 | Lair:3   | Lost mutation: Potions and wands are less effective at restoring your health. [potion of cure mutation]
 12394 | Lair:3   | Received a gift from Okawaru
 12468 | Lair:3   | Reached skill level 1 in Short Blades
 12470 | Lair:3   | Noticed a seven-headed hydra
 12482 | Lair:3   | Killed a seven-headed hydra
 12829 | Lair:3   | Reached XP level 13. HP: 89/128 MP: 13/13
 12840 | Lair:3   | Reached ****** piety under Okawaru
 12916 | Lair:3   | Received a gift from Okawaru
 13319 | Lair:4   | Found a staircase to the Swamp.
 13789 | Lair:4   | Reached skill level 5 in Short Blades
 14087 | Lair:4   | Found an ancient bone altar of Kikubaaqudgha.
 14357 | Lair:4   | Received a gift from Okawaru
 14358 | Lair:4   | Got an iridescent spear {god gift}
 15671 | Lair:6   | Entered Level 6 of the Lair of Beasts
 15721 | Lair:6   | Noticed a dire elephant
 16018 | Lair:6   | Received a gift from Okawaru
 16106 | Lair:6   | Reached XP level 14. HP: 119/137 MP: 14/14
 16503 | Lair:6   | Found a staircase to the Slime Pits.
 16506 | Lair:6   | Found a viscous altar of Jiyva.
 16896 | Lair:6   | Killed a dire elephant
 16903 | Lair:6   | Received a gift from Okawaru
 16903 | Lair:6   | Reached skill level 10 in Fighting
 17617 | Lair:6   | Received a gift from Okawaru
 17628 | Lair:6   | Slain by an ice devil

Vault maps used:
D:1:      lemuel_arrival_lava_pool
D:2:      old_standard_altar, ecumenical_altar_2
D:4:      serial_shops, nicolae_shop_trees, shop, minivault_23
D:5:      kennysheep_little_box, lemuel_crystal_altar, first_bread, uniq_grinder
D:7:      uniq_prince_ribbit1
D:8:      hangedman_cross_stitches, uniq_grum
D:9:      grunt_lair_entry_orc_guard_hut, david_orc_4,
          hangedman_little_slice_of_home, hangedman_tell_no_tales
Temple:   hc_temple_tempest_star
Lair:1:   lab_entry_generic, infiniplex_staircase_pool_2, grunt_megastairs_1,
          lemuel_fruit_tree
Lair:2:   grunt_forest_large_clearings
Lair:3:   guppyfry_snake_entry_island, st_stairs_6, serial_bayou_shore_a,
          infiniplex_staircase_pool, serial_bayou_shore_b, serial_bayou_shore_b
Lair:4:   minmay_swamp_entry_wisps, basic_altar, st_stairs_10,
          grunt_megastairs_2
Lair:5:   grunt_megastairs_3
Lair:6:   evil_forest, slime_altar_1, serial_bayou_pond_b,
          hangedman_lair_generics_rect
Lab:      labyrinth_mini_lab, nicolae_lab_garden, nicolae_lab_lava,
          labyrinth_lava_lair

Skill      XL: |  1  2  3  4  5  6  7  8  9 10 11 12 13 14 |
---------------+-------------------------------------------+-----
Fighting       | 3 4 5 6 8 10 | 10.6
Throwing       | 5 6 7 8 10 12 13 | 13.3
Shields        | 6 9 |  9.3
Armour         | 2 5 7 8 9 |  9.3
Dodging        | 4 7 8 9 |  9.6
Short Blades   | 2 6 |  6.0
Stealth        | |  0.6

Action                   |  1- 3 |  4- 6 |  7- 9 | 10-12 | 13-15 || total
-------------------------+-------+-------+-------+-------+-------++-------
Melee: Short sword       |    76 |       |       |       |       ||    76
       Quarterstaff      |       |    65 |   152 |       |       ||   217
       Dagger            |       |       |    89 |   753 |   880 ||  1722
Throw: Large rock        |     4 |    30 |    48 |   122 |    85 ||   289
       Throwing net      |       |     4 |     2 |       |       ||     6
       Tomahawk          |       |       |   107 |   232 |    60 ||   399
       Javelin           |       |       |       |    90 |    20 ||   110
Evoke: Wand              |       |       |       |     1 |       ||     1
  Use: Scroll            |       |       |    23 |     8 |     4 ||    35
       Potion            |       |       |     2 |     8 |       ||    10
 Stab: Sleeping          |     1 |       |       |       |       ||     1
       Held in net/web   |       |       |     1 |       |       ||     1
  Eat: Chunk             |       |     2 |    14 |    22 |    16 ||    54
       Beef jerky        |       |       |     1 |       |       ||     1
Armor: Robe              |    30 |    11 |    25 |       |       ||    66
       Fire dragon armou |       |       |   100 |   443 |   318 ||   861
Dodge: Dodged            |    55 |    37 |   121 |   343 |   310 ||   866
Block: Shield            |       |       |    30 |   557 |   468 ||  1055
